 Dungeon Crawl Stone Soup version 0.17-a0-1900-g45e8110 (webtiles) character file.

230 derrpe the Slasher (level 5, -2/41 HPs)
             Began as a Demonspawn Berserker on Sept 25, 2015.
             Was a Priest of Trog.
             Killed from afar by Goresteps's ghost (11 damage)
             ... with a stone arrow
             ... on level 3 of the Dungeon.
             The game lasted 00:04:50 (2837 turns).

derrpe the Slasher (Demonspawn Berserker)           Turns: 2837, Time: 00:04:51

Health: -2/41      AC:  6    Str: 18    XL:     5   Next: 72%
Magic:  5/5        EV: 12    Int:  9    God:    Trog [***...]
Gold:   115        SH:  0    Dex: 16    Spells: 0 memorised, 4 levels left

rFire  . . .     SeeInvis .     a - +0 falchion
rCold  . . .     Clarity  .     n - +0 scale mail
rNeg   . . .     SustAt   .     (no shield)
rPois  .         Gourm    .     (helmet restricted)
rElec  .         Spirit   .     (no cloak)
rCorr  .         Warding  .     (no gloves)
rMut   .         Stasis   .     (no boots)
MR     ++...                    (no amulet)
Stlth  ..........               h - +4 ring of dexterity
                                (no ring)

@: exhausted, regenerating, slowed, very slow, very resistant to hostile
enchantments, extremely unstealthy
A: horns 1, repulsion field 1
a: Burn Spellbooks, Berserk, Trog's Hand, Renounce Religion


You were on level 3 of the Dungeon.
You worshipped Trog.
Trog was most pleased with you.
You were not hungry.

You visited 1 branch of the dungeon, and saw 3 of its levels.

You collected 115 gold pieces.

Inventory:

Hand weapons
 a - a +0 falchion (weapon)
Missiles
 f - 36 poisoned needles
 g - 49 stones (quivered)
Armour
 n - a +0 scale mail (worn)
Jewellery
 h - a +4 ring of dexterity (right hand)
Scrolls
 b - a scroll of fear {unknown}
 d - 6 scrolls of identify {unknown}
 k - a scroll of fog {unknown}
 l - 2 scrolls of enchant weapon {unknown}
 o - a scroll of blinking {unknown}
 q - a scroll of remove curse {unknown}
Potions
 e - a potion of heal wounds
 i - a potion of ambrosia {unknown}
 j - a potion of resistance {unknown}
 m - a potion of curing {unknown}
Comestibles
 c - a bread ration {@e1}
 p - a beef jerky
 r - 5 chunks of flesh {@w0}


   Skills:
 - Level 3.0 Fighting
 + Level 5.9 Long Blades
 - Level 1.7 Armour
 - Level 1.7 Dodging


You had 4 spell levels left.
You didn't know any spells.

Dungeon Overview and Level Annotations

Branches:
Dungeon (3/15)

Altars:

Annotations:
D:3 Goresteps's ghost, average SpEE


Innate Abilities, Weirdness & Mutations

You have a pair of small horns on your head.
You are surrounded by a mild repulsion field (EV +2).


Message History

A rock wall.
Unknown command.
Use which ability?
Your skin crawls.
You feel resistant to hostile enchantments.
You feel slightly more hungry.
Goresteps's ghost gestures at you while chanting.
The stone arrow misses you.
Goresteps's ghost points at you and mumbles some strange words.
The stone arrow hits you!
* * * LOW HITPOINT WARNING * * *
Things that are here:
a leather armour; an orc corpse
Press: ? - help, v - describe, . - travel, g - get item
Here: Goresteps's ghost An enchanted hand axe.
The floor, spattered with blood.
Goresteps's ghost casts a spell at you. The stone arrow hits you!
You die...

...#...#..........#.#
...##...........###.#
................##.<#
...................##.##
..........##........##.#
....<....#...#.......###.#
...........#.#.#.######..#
.........>.....#.## #.##
.....%....#..)W@..# #.#
..........##.)#.[.### #.######
..............##....###.#....##
..........#....####..##.......##
........รท...#.....)#..#........#
........#.#....................#
#...#.###.#...................##
...... ......##.######.......##
..... ##.#.###.# #.......##


You could see Goresteps's ghost.

Vanquished Creatures
  Jessica (D:2)
  2 orc priests (D:3)
  An orc wizard (D:3)
  4 adders
  2 worms (D:2)
  2 giant geckos
  9 orcs (D:3)
  10 bats
  2 giant cockroaches
  6 goblins
  6 hobgoblins
  4 jackals (D:2)
  8 kobolds
  2 quokkas
  2 ball pythons (D:3)
  6 giant newts
  6 rats
73 creatures vanquished.

Notes
Turn   | Place    | Note
--------------------------------------------------------------
     0 | D:1      | derrpe the Demonspawn Berserker began the quest for the Orb.
     0 | D:1      | Reached XP level 1. HP: 18/18 MP: 1/1
    80 | D:1      | Gained mutation: You have a pair of small horns on your head. [demonic ancestry]
    80 | D:1      | Reached XP level 2. HP: 17/24 MP: 2/2
  1354 | D:2      | Reached XP level 3. HP: 29/29 MP: 3/3
  1379 | D:2      | Acquired Trog's second power
  1518 | D:2      | Reached skill level 4 in Long Blades
  1596 | D:2      | Noticed Jessica
  1612 | D:2      | Killed Jessica
  1612 | D:2      | Gained mutation: You are surrounded by a mild repulsion field (EV +2). [demonic ancestry]
  1612 | D:2      | Reached XP level 4. HP: 6/35 MP: 4/4
  2288 | D:3      | Reached skill level 5 in Long Blades
  2372 | D:3      | Reached XP level 5. HP: 22/41 MP: 5/5
  2833 | D:3      | Noticed Goresteps's ghost (average SpEE)
  2837 | D:3      | Killed from afar by Goresteps's ghost

Vault maps used:
D:1:      dpeg_arrival_tiny_c, serial_bayou, serial_bayou_crossing,
          serial_bayou_pond_c, serial_bayou_ford_a, serial_bayou_pond_c,
          serial_bayou_pond_b, minmay_misc_feat_chi, kennysheep_boxes
D:2:      kennysheep_generic_room_9, uniq_jessica
D:3:      lightli_temple_of_fire

Action                   |  1- 3 |  4- 6 || total
-------------------------+-------+-------++-------
Melee: Falchion          |   109 |   101 ||   210
Throw: Stone             |     5 |       ||     5
Invok: Berserk           |     2 |     3 ||     5
       Trog's Hand       |     1 |     2 ||     3
 Stab: Sleeping          |     1 |     1 ||     2
  Eat: Chunk             |     4 |     8 ||    12
